 Dungeon Crawl Stone Soup version 0.19-a0-503-g45a6586 (webtiles) character file.

66 tyrsky the Caller (level 4, -1/45 HPs)
             Began as a Merfolk Summoner on June 5, 2016.
             Slain by a gnoll
             ... wielding a +0 spear
              (2 damage)
             ... on level 2 of the Dungeon.
             The game lasted 00:04:29 (1074 turns).

tyrsky the Caller (Merfolk Summoner)                Turns: 1074, Time: 00:04:30

Health: -1/45      AC: 22    Str:  9    XL:     4   Next: 15%
Magic:  2/7        EV:  2    Int: 14    God:
Gold:   44         SH:  0    Dex: 14    Spells: 2 memorised, 5 levels left

rFire  . . .     SeeInvis .       - Unarmed
rCold  . . .     Gourm    .     (armour currently unavailable)
rNeg   + + +     Faith    .     (no shield)
rPois  +         Spirit   .     (helmet currently unavailable)
rElec  .         Dismiss  .     (cloak currently unavailable)
rCorr  .         Reflect  .     (gloves currently unavailable)
SustAt .         Harm     .     (boots currently unavailable)
MR     .....     NoTele   +     (no amulet)
Stlth  +++.......               (no ring)
                                (no ring)

@: tree-form, not resistant to hostile enchantments, fairly stealthy
A: (change form in water), (swift swim)
a: no special abilities


You were on level 2 of the Dungeon.
You were not hungry.
You were a tree.
You visited 1 branch of the dungeon, and saw 2 of its levels.

You collected 44 gold pieces.

Inventory:

Armour
 a - a +0 robe (melded)
 k - a +1 hat (melded)
Scrolls
 e - a scroll of remove curse {unknown}
 f - a scroll of random uselessness {unknown}
 g - a scroll of identify {unknown}
 i - a scroll of enchant armour {unknown}
Books
 b - a book of Callings

   Spells                             Type                      Level
   a - Summon Small Mammal            Summoning                    1
   b - Call Imp                       Summoning                    2
   c - Call Canine Familiar           Summoning                    3
   d - Summon Guardian Golem          Hexes/Summoning              3
   e - Summon Lightning Spire         Summoning/Air                4
   f - Summon Ice Beast               Ice/Summoning                4


   Skills:
 + Level 3.8 Dodging
 - Level 2.1 Stealth
 + Level 1.8 Unarmed Combat
 + Level 2.5 Spellcasting
 + Level 4.3 Summonings


You had 5 spell levels left.
You knew the following spells:

 Your Spells              Type           Power        Failure   Level  Hunger
a - Summon Small Mammal   Summ           ##..         3%          1    #......
b - Call Imp              Summ           ##......     6%          2    ###....


Dungeon Overview and Level Annotations

Branches:
Dungeon (2/15)

Altars:


Message History

Your crimson imp barely misses the gnoll.
The gnoll hits you but does no damage. x2
Your crimson imp closely misses the gnoll.
The gnoll hits you but does no damage. x2
Your crimson imp blinks!
The gnoll hits you from afar with a spear.
* * * LOW HITPOINT WARNING * * *
The gnoll hits you from afar with a halberd.
* * * LOW HITPOINT WARNING * * *
The teleport trap disappears.
Your crimson imp disappears!
The gnoll hits you but does no damage.
The gnoll hits you but does no damage. x2
You aren't carrying any potions.
As you read the scroll labeled DOBOMA PIMUN, it crumbles to dust.
You feel a strange sense of stasis.
It was a scroll of teleportation.
The gnoll hits you from afar with a halberd.
* * * LOW HITPOINT WARNING * * *
The gnoll hits you from afar with a spear.
You die...

# ####### .#### ..
...... .... .§. ##.#.
... %.. ..>..
......#.##.#####......
##....#........#......
.%....................
#.#.####g#.....#
#......).......#
#......♣†g......
#.<#####.##...#
#.#5.#####.# #
#...555h...#
......#.#####.#
........# #.#
##.#.#.## #.# #.#.#.
..# # #.## #..


You could see 2 gnolls.

Vanquished Creatures
  Natasha (D:2)
  A gnoll (D:2)
  A ball python (D:1)
  3 bats (D:1)
  2 goblins
  A hobgoblin (D:1)
  A kobold (D:1)
  A rat (D:1)
11 creatures vanquished.

Vanquished Creatures (collateral kills)
  2 gnolls (D:1)
  An ooze (D:1)
  A giant gecko (D:1)
  A giant cockroach (D:1)
  4 hobgoblins (D:1)
  A ball python (D:1)
  2 bats (D:1)
  A giant newt (D:2)
  3 kobolds (D:1)
  2 rats (D:1)
18 creatures vanquished.

Grand Total: 29 creatures vanquished

Notes
Turn   | Place    | Note
--------------------------------------------------------------
     0 | D:1      | tyrsky the Merfolk Summoner began the quest for the Orb.
     0 | D:1      | Reached XP level 1. HP: 13/13 MP: 3/3
   206 | D:1      | Reached XP level 2. HP: 7/19 MP: 0/5
   263 | D:1      | Learned a level 2 spell: Call Imp
   590 | D:1      | Reached skill level 1 in Unarmed Combat
   788 | D:1      | Reached XP level 3. HP: 22/24 MP: 1/6
  1014 | D:2      | Noticed Natasha
  1060 | D:2      | Killed Natasha
  1065 | D:2      | Reached XP level 4. HP: 18/30 MP: 1/7
  1074 | D:2      | HP: 1/45 [gnoll/halberd (2)]
  1074 | D:2      | Slain by a gnoll

Vault maps used:
D:1:      saegor_arrival_under_anarchy
D:2:      gammafunk_temple_overflow_claw, uniq_natasha

Skill      XL: |  1  2 |
---------------+-------+-----
Dodging        | 3 |  3.8
Unarmed Combat | 1 |  1.8
Stealth        | |  2.1
Spellcasting   | |  2.5
Summonings     | |  4.3

Action                   |  1- 3 |  4- 6 || total
-------------------------+-------+-------++-------
Melee: Unarmed           |    67 |       ||    67
 Cast: Summon Small Mamm |    27 |       ||    27
       Call Imp          |    22 |       ||    22
  Use: Potion            |     2 |       ||     2
       Scroll            |       |     1 ||     1
 Stab: Distracted        |     1 |       ||     1
       Sleeping          |     2 |       ||     2
  Eat: Bread ration      |     1 |       ||     1
Armor: Robe              |    26 |       ||    26
       Skin              |     3 |    10 ||    13
Dodge: Dodged            |    78 |       ||    78
